 Dungeon Crawl Stone Soup version 0.25-a0-447-gff83419037 (webtiles) character file.

Game seed: 11307033172389037030, levelgen mode: deterministic

60358 MrRokkomies the Sharpshooter (level 15, -5/96 HPs)
             Began as a Kobold Hunter on Jan 30, 2020.
             Was the Champion of Makhleb.
             Slain by a yaktaur captain
             ... wielding an uncursed staff of conjuration
              (9 damage)
             ... on level 10 of the Dungeon on Jan 31, 2020.
             The game lasted 01:12:39 (22126 turns).

MrRokkomies the Sharpshooter (Kobold Hunter)       Turns: 22126, Time: 01:12:39

Health: -5/96      AC: 21    Str: 15    XL:     15   Next: 37%
Magic:  25/25      EV: 20    Int: 17    God:    Makhleb [******]
Gold:   1224       SH:  0    Dex: 19    Spells: 14/14 levels left

rFire    + . .     SeeInvis +   a - +2 quarterstaff (vorpal)
rCold    . . .     Gourm    .   (shield currently unavailable)
rNeg     . . .     Faith    .   h - +5 ring mail of the Endless Expanse {MR+ Str+4 SInv}
rPois    .         Spirit   .   L - +2 helmet {SInv}
rElec    +         Reflect  .   B - +2 cloak {MR+}
rCorr    .         Harm     .   k - +1 pair of gloves
MR       ++++.                  P - +2 pair of boots {Fly}
Stlth    +++.......             E - amulet of the Cicada {rElec Regen+ Dex+3 Stlth+}
HPRegen  0.66/turn              A - ring of protection from magic
MPRegen  0.19/turn              V - ring of protection from fire

@: flying, studying Invocations
A: small, carnivore
a: Minor Destruction, Lesser Servant of Makhleb, Major Destruction, Greater
Servant of Makhleb, Renounce Religion, Stop Flying


You were on level 10 of the Dungeon.
You worshipped Makhleb.
Makhleb was exalted by your worship.
You were very full.

You visited 3 branches of the dungeon, and saw 19 of its levels.

You collected 2536 gold pieces.
You spent 1312 gold pieces at shops.

Inventory:

Hand Weapons
 a - a +2 vorpal quarterstaff (weapon)
 b - the +0 arbalest of Irritation {speed, Dex+3}
   (You acquired it on level 9 of the Dungeon)

   Attacks with this weapon are significantly faster.
   It affects your dexterity (+3).
Missiles
 d - 60 bolts
 l - 5 curare-tipped darts
 n - 79 poisoned darts (quivered)
 q - a throwing net
Armour
 h - the +5 ring mail of the Endless Expanse (worn) {MR+ Str+4 SInv}
   (You bought it in a shop on level 2 of the Orcish Mines)

   It affects your strength (+4).
   It affects your resistance to hostile enchantments.
   It lets you see invisible.
   If you remove this armour, your AC will fall 10 points (21 -> 11)
 k - a +1 pair of gloves (worn)
 B - a +2 cloak of magic resistance (worn)
 L - a +2 helmet of see invisible (worn)
 P - a +2 pair of boots of flying (worn)
Jewellery
 r - an uncursed ring of ice
 u - an uncursed ring of magical power
 A - a ring of protection from magic (left hand)
 E - the amulet of the Cicada (around neck) {rElec Regen+ Dex+3 Stlth+}
   (You acquired it on level 9 of the Dungeon)

   [amulet of regeneration]

   It affects your dexterity (+3).
   It insulates you from electricity.
   It increases your rate of regeneration.
   It makes you more stealthy.
 H - the ring of Vumut {*Slow MR- rCorr Str+8 SInv}
   (You found it on level 6 of the Dungeon)

   [ring of resist corrosion]

   It affects your strength (+8).
   It affects your resistance to hostile enchantments.
   It lets you see invisible.
   It provides partial protection from all sources of acid and corrosion.
   It may slow you when you take damage.
 V - a ring of protection from fire (right hand)
Wands
 J - a wand of acid (9)
 K - a wand of polymorph (3)
 M - a wand of disintegration (27)
 N - a wand of digging (10)
 O - a wand of scattershot (2)
 R - a wand of iceblast (13)
 S - a wand of clouds (4)
 Z - a wand of flame (13)
Scrolls
 e - 15 scrolls of remove curse
 g - a scroll of fear
 i - 7 scrolls of identify
 w - 3 scrolls of silence
 y - 2 scrolls of teleportation
 z - a scroll of summoning {unknown}
 D - 2 scrolls of magic mapping
 T - 5 scrolls of enchant weapon
 X - 4 scrolls of enchant armour
 Y - a scroll of immolation
Potions
 c - a potion of haste
 m - 10 potions of curing
 o - 2 potions of berserk rage
 p - 4 potions of brilliance
 s - a potion of might
 t - a potion of lignification
 x - 2 potions of ambrosia
 C - 2 potions of invisibility
 F - 6 potions of flight
 G - 2 potions of magic
 I - 6 potions of mutation
 Q - a potion of heal wounds
 W - 4 potions of resistance
Books
 v - a manual of Invocations
Miscellaneous
 U - a fan of gales
Comestibles
 f - 30 rations


   Skills:
 - Level 12.1 Fighting
 * Level 12.0 Staves
 * Level 15.9 Crossbows
 - Level 8.5 Dodging
 - Level 2.7 Stealth
 + Level 14.2 Invocations
 + Level 8.6 Evocations


You had 14 spell levels left.
You didn't know any spells.
Your spell library contained the following spells:

 Spells                   Type           Power        Failure   Level  Hunger
 Animate Skeleton         Necr           N/A          43%         1    ##.....
 Corona                   Hex            #......      43%         1    ##.....
 Freeze                   Ice            #...         43%         1    ##.....
 Infusion                 Chrm           #...         43%         1    ##.....
 Pain                     Necr           #...         43%         1    ##.....
 Ensorcelled Hibernation  Hex/Ice        #.....       56%         2    ###....
 Shroud of Golubria       Chrm/Tloc      #.....       56%         2    ###....
 Song of Slaying          Chrm           #.......     56%         2    ###....
 Confusing Touch          Hex            #.......     80%         3    ####...
 Dazzling Flash           Conj/Hex       #.....       80%         3    ####...
 Gell's Gravitas          Tloc           #.........   80%         3    ####...
 Ozocubu's Armour         Chrm/Ice       #.......     80%         3    ####...
 Spectral Weapon          Hex/Chrm       #.......     80%         3    ####...
 Tukima's Dance           Hex            #.......     80%         3    ####...
 Vampiric Draining        Necr           #.........   80%         3    ####...
 Animate Dead             Necr           N/A          99%         4    #####..
 Hailstorm                Conj/Ice       #.......     99%         4    #####..
 Petrify                  Tmut/Erth      #.......     99%         4    #####..
 Summon Ice Beast         Ice/Summ       #.......     99%         4    #####..
 Agony                    Necr           #.......     100%        5    ######.
 Metabolic Englaciation   Hex/Ice        #.........   100%        5    ######.
 Yara's Violent Unravell  Hex/Tmut       #.........   100%        5    ######.


Dungeon Overview and Level Annotations

Branches:
Dungeon (11/15)            Temple (0/1) D:4            Lair (6/6) D:9
 Shoals (0/4) Lair:3       Spider (0/4) Lair:2        Slime (0/5) Lair:5
    Orc (2/2) D:9             Elf (0/3) Orc:2

Altars:
Ashenzari
Cheibriados
Fedhas
Makhleb
Nemelex Xobeh
Okawaru
Qazlal
Sif Muna
Vehumet
Wu Jian
Xom
The Shining One

Shops:
D:7 ?   Orc:2 [*[*

Annotations:
D:3 3 runed translucent doors, endorz's ghost, amateur GrGl
D:9 2 runed translucent doors, feta's ghost, journeyman DrCj


Innate Abilities, Weirdness & Mutations

You are small and have problems with some larger weapons.
You are carnivorous and can eat meat at any time.


Message History

The water moccasin barely misses you.
You sock the yaktaur captain!
The yaktaur captain is heavily wounded.
The yaktaur captain hits you with an uncursed staff of conjuration!!
* * * LOW HITPOINT WARNING * * *
The glowing orange brain blinks!
You sock the yaktaur captain!
The yaktaur captain is severely wounded.
The glowing orange brain changes into a sea snake!
The water moccasin completely misses you.
The yaktaur captain hits you with an uncursed staff of conjuration!
* * * LOW HITPOINT WARNING * * *
You completely miss the yaktaur captain.
The yaktaur captain is severely wounded.
The sea snake changes into a merfolk!
The water moccasin closely misses you.
You thump the yaktaur captain!
The yaktaur captain is almost dead.
The water moccasin closely misses you.
The yaktaur captain hits you with an uncursed staff of conjuration!
You die...

#......................##..'
#.<..##########.#####.######
#....# #..#.# #.# # ####.#
'..#.# ##.# # #..# #m##.#
##..# ##..# #..#.# #..##
#...# #S.#.# #.##
##'#.#######c##.###'### ###
#[)).#..'..@S.#.......####..
#....'..#..#..#.......#....#
#....##########.......#.####
#.....................'.#
#......#######........###
#......# #........# ###'####
###'###### #..# #.....# ##.#
#####.##


You could see a yaktaur captain, a merfolk shaped shifter, a water moccasin and
an adder.

Vanquished Creatures
  Gastronok (Lair:1)
  A tengu reaver (D:10)
  A fire dragon (Lair:6)
  5 hydras
  Erolcha (D:9)
  Erica (D:9)
  A centaur warrior (D:9)
  2 ogre magi (Orc:2)
  6 two-headed ogres
  A queen ant (Lair:3)
  Nergalle (Orc:1)
  Sonja (Orc:1)
  2 orc knights (Orc:1)
  An ugly thing (D:9)
  3 orc sorcerers
  A cyclops (Orc:1)
  4 black mambas
  A centaur zombie (D:10)
  13 elephants
  A torpor snail (Lair:4)
  9 spiny frogs
  3 rime drakes
  4 komodo dragons
  3 trolls
  A polar bear (Lair:6)
  Prince Ribbit (D:4)
  2 hornets
  23 blink frogs
  12 hippogriffs
  Sigmund (D:6)
  2 wyverns
  19 yaks
  2 basilisks (Lair:6)
  Grum (D:9)
  3 steam dragons
  A hungry ghost (D:11)
  2 vampire mosquitoes (D:9)
  Menkaure (D:4)
  A warg (Orc:1)
  15 soldier ants (Lair:3)
  3 acid dragons (Lair:6)
  7 porcupines
  11 water moccasins
  2 black bears
  3 sky beasts
  14 orc warriors
  An ice beast (D:9)
  A necrophage (D:5)
  10 wolves
  A centaur (D:5)
  19 ogres
  9 crocodiles
  4 big kobolds
  Blork the orc (D:6)
  13 bullfrogs
  A gnoll sergeant (D:10)
  5 scorpions
  5 killer bees (D:7)
  4 wights (D:8)
  3 electric eels
  6 howler monkeys
  A bullfrog zombie (D:7)
  5 crimson imps
  A quasit (D:10)
  2 hounds
  A gnoll shaman (D:7)
  2 bullfrog skeletons
  6 orc priests
  Crazy Yiuf (D:5)
  7 jellies
  12 orc wizards
  2 centaur skeletons
  6 iguanas
  44 worker ants
  2 hound zombies
  A howler monkey zombie (D:9)
  19 gnolls
  7 adders
  A river rat (D:5)
  3 shadow imps
  4 oozes
  2 adder skeletons
  5 worms
  4 dart slugs
  3 leopard geckos
  39 orcs
  3 ball pythons
  9 bats
  5 giant cockroaches
  5 goblins
  9 hobgoblins
  13 jackals
  31 kobolds
  3 quokkas
  12 frilled lizards
  2 quokka skeletons
  2 quokka zombies
  5 rats
556 creatures vanquished.

Vanquished Creatures (collateral kills)
  Rupert (Lair:4)
  2 ogre magi (Orc:2)
  6 two-headed ogres (Orc:2)
  A swamp dragon (Lair:6)
  An orc knight (Orc:2)
  A hippogriff (Lair:4)
  A basilisk (Lair:6)
  An acid dragon (Lair:6)
  An orc warrior (Orc:2)
  7 ogres (Orc:2)
  4 wolves (Lair:4)
  A bullfrog (Lair:4)
27 creatures vanquished.

Vanquished Creatures (others)
  15 fungi
  23 plants (Lair:6)
38 creatures vanquished.

Grand Total: 621 creatures vanquished

Notes
Turn   | Place    | Note
-------+----------+-------------------------------------------
     0 | D:1      | MrRokkomies the Kobold Hunter began the quest for the Orb.
     0 | D:1      | Reached XP level 1. HP: 12/12 MP: 1/1
   314 | D:1      | Reached skill level 5 in Crossbows
   314 | D:1      | Reached XP level 2. HP: 17/18 MP: 2/2
   518 | D:1      | Reached XP level 3. HP: 20/22 MP: 3/3
  1238 | D:2      | Reached XP level 4. HP: 27/28 MP: 4/4
  1687 | D:2      | Found a stormy altar of Qazlal.
  2095 | D:2      | Found a radiant altar of Vehumet.
  2102 | D:2      | Found a burning altar of Makhleb.
  2143 | D:2      | Became a worshipper of Makhleb the Destroyer
  2223 | D:3      | Reached XP level 5. HP: 32/32 MP: 5/5
  2339 | D:3      | Found an iron altar of Okawaru.
  2350 | D:3      | Noticed endorz's ghost (amateur GrGl)
  2364 | D:3      | Found a runed translucent gate.
  2365 | D:3      | Found a runed translucent gate.
  2365 | D:3      | Found a runed translucent gate.
  2516 | D:3      | Reached skill level 6 in Crossbows
  2916 | D:3      | Reached skill level 1 in Invocations
  2916 | D:3      | Reached XP level 6. HP: 33/38 MP: 6/6
  3420 | D:3      | Found a shimmering blue altar of Sif Muna.
  3490 | D:4      | Found a staircase to the Ecumenical Temple.
  3717 | D:4      | Reached * piety under Makhleb
  3764 | D:4      | Noticed Menkaure
  3775 | D:4      | Killed Menkaure
  3990 | D:4      | Reached XP level 7. HP: 44/44 MP: 8/8
  4074 | D:4      | Found an ornate altar of the Wu Jian Council.
  4655 | D:5      | Entered Level 5 of the Dungeon
  4666 | D:5      | Reached skill level 5 in Fighting
  4666 | D:5      | Reached skill level 7 in Crossbows
  4988 | D:5      | Reached XP level 8. HP: 37/50 MP: 9/9
  5067 | D:5      | Found a glowing golden altar of the Shining One.
  5097 | D:5      | Reached skill level 8 in Crossbows
  5097 | D:5      | Reached skill level 5 in Dodging
  5121 | D:5      | Noticed Prince Ribbit
  5273 | D:4      | Killed Prince Ribbit
  5758 | D:5      | Reached XP level 9. HP: 20/56 MP: 11/11
  5968 | D:5      | Found a runed translucent door.
  5969 | D:5      | Noticed Crazy Yiuf
  5975 | D:5      | Killed Crazy Yiuf
  5975 | D:5      | Reached ** piety under Makhleb
  6153 | D:6      | Reached skill level 9 in Crossbows
  6317 | D:6      | Noticed Blork the orc
  6326 | D:6      | Killed Blork the orc
  6337 | D:6      | Got a crude gossamer ring
  6339 | D:6      | Identified the ring of Vumut {*Slow MR- rCorr Str+8 SInv}
                  | (You found it on level 6 of the Dungeon)
  6526 | D:6      | Found a shattered altar of Ashenzari.
  6594 | D:6      | Noticed Sigmund
  6603 | D:6      | Killed Sigmund
  7192 | D:7      | Found Jatiuza's Magic Scroll Boutique.
  7440 | D:7      | Reached skill level 10 in Crossbows
  7462 | D:7      | Reached skill level 5 in Invocations
  7639 | D:7      | Reached skill level 1 in Staves
  7797 | D:7      | Found a shimmering altar of Xom.
  8048 | D:8      | Reached XP level 10. HP: 50/65 MP: 11/13
  9320 | D:9      | Noticed Grum
  9327 | D:9      | Reached *** piety under Makhleb
  9512 | D:9      | Killed Grum
  9566 | D:9      | Identified 3 scrolls of acquirement
  9566 | D:9      | Identified the amulet of the Cicada {rElec Regen+ Dex+3
                  | Stlth+} (You acquired it on level 9 of the Dungeon)
  9566 | D:9      | Identified the +5 quick blade of Ravage {vorpal, rElec rF+
                  | Int-5} (You acquired it on level 9 of the Dungeon)
  9571 | D:9      | Identified the +0 arbalest of Irritation {speed, Dex+3}
                  | (You acquired it on level 9 of the Dungeon)
  9606 | D:9      | Noticed Erolcha
  9621 | D:9      | Killed Erolcha
  9655 | D:9      | Noticed a green ugly thing
  9658 | D:9      | Noticed a centaur warrior
  9756 | D:9      | Found a stormy altar of Qazlal.
  9756 | D:9      | Found a blossoming altar of Fedhas.
  9757 | D:9      | Found a snail-covered altar of Cheibriados.
  9757 | D:9      | Found a sparkling altar of Nemelex Xobeh.
  9773 | D:9      | Identified the +5 plate armour of the Grey Skies {rF+ MR+}
  9773 | D:9      | Identified the +5 shield of the Pirate {+Blink rF+ Regen+
                  | Str-5}
  9781 | D:9      | Identified the +3 ring mail "Rautu" {Regen+}
  9792 | D:9      | Reached skill level 10 in Fighting
  9799 | D:9      | Reached XP level 11. HP: 72/72 MP: 16/16
  9930 | D:9      | Killed a centaur warrior
  9930 | D:9      | Reached skill level 5 in Staves
 10037 | D:9      | Killed a green ugly thing
 10061 | D:9      | Found a staircase to the Lair.
 10244 | D:9      | Found a staircase to the Orcish Mines.
 10271 | D:9      | Noticed Erica
 10288 | D:9      | Reached **** piety under Makhleb
 10296 | D:9      | Killed Erica
 10417 | D:9      | Found a large runed translucent door.
 10417 | D:9      | Found a large runed translucent door.
 10417 | D:9      | Noticed feta's ghost (journeyman DrCj)
 10763 | D:10     | Entered Level 10 of the Dungeon
 10935 | D:10     | Reached skill level 11 in Crossbows
 11088 | D:10     | Identified the +1 leather armour "Hido Qyuty" {rPois rC-
                  | rN++ rCorr}
 11454 | D:10     | Found a runed translucent door.
 11455 | D:10     | Noticed a tengu reaver
 11615 | D:10     | Noticed a five-headed hydra
 11808 | D:11     | Reached XP level 12. HP: 71/80 MP: 18/18
 11869 | D:11     | Noticed a two-headed ogre
 11873 | D:11     | Noticed a seven-headed hydra
 11877 | D:11     | Killed a seven-headed hydra
 11882 | D:11     | Killed a two-headed ogre
 12352 | Lair:1   | Entered Level 1 of the Lair of Beasts
 12561 | Lair:1   | Noticed Gastronok
 12584 | Lair:1   | Killed Gastronok
 12663 | Lair:1   | Reached skill level 10 in Invocations
 13424 | Lair:2   | Reached skill level 1 in Evocations
 13467 | Lair:2   | Found a hole to the Spider Nest.
 13983 | Lair:3   | Noticed a queen ant
 13995 | Lair:3   | Reached ***** piety under Makhleb
 13995 | Lair:3   | Killed a queen ant
 13995 | Lair:3   | Reached skill level 12 in Crossbows
 14219 | Lair:3   | Reached XP level 13. HP: 86/86 MP: 21/21
 14695 | Lair:3   | Found a sparkling altar of Nemelex Xobeh.
 14827 | Lair:3   | Found a staircase to the Shoals.
 15218 | Lair:4   | Noticed Rupert
 15249 | Lair:4   | Killed Rupert
 15447 | Lair:4   | Reached skill level 13 in Crossbows
 16379 | Lair:5   | Noticed a five-headed hydra
 16380 | Lair:5   | Reached skill level 5 in Evocations
 16520 | Lair:5   | Noticed a six-headed hydra
 16527 | Lair:5   | Killed a six-headed hydra
 16567 | Lair:5   | Killed a five-headed hydra
 16829 | Lair:5   | Reached skill level 10 in Staves
 16959 | Lair:5   | Found a staircase to the Slime Pits.
 17470 | Lair:6   | Entered Level 6 of the Lair of Beasts
 17500 | Lair:6   | Reached skill level 14 in Crossbows
 17500 | Lair:6   | Reached XP level 14. HP: 61/92 MP: 23/23
 17924 | Lair:6   | Upgraded the game from 0.25-a0-443-gece2dee8bd to
                  | 0.25-a0-447-gff83419037
 19369 | Lair:6   | Reached skill level 15 in Crossbows
 20029 | Orc:1    | Entered Level 1 of the Orcish Mines
 20052 | Orc:1    | Noticed Sonja
 20058 | Orc:1    | Killed Sonja
 20205 | Orc:2    | Entered Level 2 of the Orcish Mines
 20239 | Orc:1    | Reached ****** piety under Makhleb
 20310 | Orc:2    | Found a staircase to the Elven Halls.
 20980 | Orc:2    | Reached XP level 15. HP: 50/96 MP: 25/25
 21086 | Orc:2    | Found Lifemaet's Assorted Antiques.
 21086 | Orc:2    | Found Zoemefom's Assorted Antiques.
 21089 | Orc:2    | Found Omext's Armour Shoppe.
 21089 | Orc:2    | Found Ysoliam's Antique Armour Shop.
 21110 | Orc:2    | Bought a scroll labeled CUEMUNOXOCS for 35 gold pieces
 21110 | Orc:2    | Bought a glowing helmet for 262 gold pieces
 21112 | Orc:2    | Bought the +5 ring mail of the Endless Expanse {MR+ Str+4
                  | SInv} for 813 gold pieces
 21135 | Orc:2    | Bought a pair of embroidered boots for 202 gold pieces
 21550 | Orc:1    | Noticed Nergalle
 21574 | Orc:1    | Killed Nergalle
 22118 | D:10     | Killed a tengu reaver
 22124 | D:10     | HP: 3/96 [yaktaur captain/uncursed staff of conjuration
                  | (13)]
 22126 | D:10     | Slain by a yaktaur captain

Levels and vault maps discovered:
D:1:      noname_arrival_rooms_in_the_neighbourhood, layout_loops_corners,
          dk_noncrumbling_4, solitary_fountain
D:2:      layout_loops_ring, amethyst_overflow_temple_binary,
          nicolae_qazlal_eye_of_the_storm
D:3:      layout_loops_ring, nicolae_overflow_hidden_temple,
          gammafunk_ghost_icy, first_ration, led_sif_pool
D:4:      layout_basic, nicolae_overflow_crystal_walls, temple_statues,
          uniq_menkaure
D:5:      layout_basic, cheibrodos_sewer_entry_sluice, basic_altar,
          uniq_prince_ribbit1, uniq_crazy_yiuf_cottage
D:6:      layout_basic, kennysheep_little_box, uniq_blork_the_orc, uniq_sigmund
D:7:      layout_rooms, kennysheep_mini, serial_shops, shop
D:8:      layout_basic, grunt_pizzeria, minmay_misc_feat_chi,
          nicolae_water_bricks
D:9:      minmay_the_grid_octo_tiled_squarecenter
          [minmay_the_grid_octo_pinwheel, minmay_the_grid_octo_checkerflower,
          minmay_the_grid_octo_shrine, minmay_the_grid_octo_concentric,
          minmay_the_grid_square_5x5_megaprize_diamond,
          minmay_the_grid_square_5x5_one_wall,
          minmay_the_grid_square_5x5_intrusive_squares,
          minmay_the_grid_square_5x5_inverted_slash,
          minmay_the_grid_square_5x5_corner], layout_long_grid,
          lair_entry_dummy, orc_0_dummy, ebering_ghost_disaster_area,
          corexii_checkpoint_a, uniq_grum, uniq_erolcha, uniq_erica
D:10:     layout_roguey, minivault_13
D:11:     layout_roguey
Lair:1:   layout_regular_city, uniq_gastronok
Lair:2:   layout_long_grid, nicolae_spider_entry_non_spiders, lemuel_fruit_tree
Lair:3:   layout_regular_city, elwin_shoals_entry_rocks, basic_altar,
          hangedman_lair_unloving_vines, zaba_anthell
Lair:4:   layout_regular_city, grunt_megastairs_1, uniq_rupert
Lair:5:   layout_regular_city, minmay_slime_entry_pillars, serial_bayou_shore_a,
          infiniplex_staircase_pool, grunt_megastairs_2
Lair:6:   guppyfry_lair_end_dragon, layout_small_grid, grunt_megastairs_4
Orc:1:    layout_caves, uniq_nergalle, uniq_sonja
Orc:2:    st_orc_ogre_mass, layout_diamond_mine

Skill      XL: |  1  2  3  4  5  6  7  8  9 10 11 12 13 14 15 |
---------------+----------------------------------------------+-----
Crossbows      | 5 6 7 8 10 11 12 14 15 | 15.9
Stealth        | 2 |  2.7
Fighting       | 3 4 5 6 8 10 11 12 | 12.1
Dodging        | 3 4 5 6 7 8 |  8.5
Invocations    | 1 2 3 5 6 9 10 12 13 14 | 14.2
Staves         | 1 4 6 8 10 11 12 | 12.0
Evocations     | 2 5 7 8 |  8.6

Action                   |  1- 3 |  4- 6 |  7- 9 | 10-12 | 13-15 || total
-------------------------+-------+-------+-------+-------+-------++-------
Melee: Short sword       |   108 |   196 |     2 |       |       ||   306
       Flail             |       |       |   148 |       |       ||   148
       War axe           |       |       |    21 |       |       ||    21
       Quarterstaff      |       |       |   145 |   587 |   831 ||  1563
 Fire: Hand crossbow     |     4 |    34 |    52 |     6 |       ||    96
       Arbalest          |       |       |       |   136 |   460 ||   596
Throw: Dart              |       |       |    33 |    37 |     1 ||    71
       Throwing net      |       |       |       |       |     3 ||     3
Invok: Lesser Servant of |       |       |       |     2 |     2 ||     4
       Greater Servant o |       |       |       |       |     3 ||     3
       Minor Destruction |       |       |       |       |    20 ||    20
       Major Destruction |       |       |       |       |     8 ||     8
Evoke: Wand              |       |       |     2 |     4 |     4 ||    10
       Fan of gales      |       |       |       |       |     1 ||     1
  Use: Scroll            |       |    10 |     9 |    13 |     6 ||    38
       Potion            |       |     1 |     3 |     3 |     2 ||     9
 Stab: Sleeping          |     5 |     3 |     1 |     6 |     1 ||    16
       Petrified         |       |       |     4 |       |       ||     4
       Petrifying        |       |       |       |     1 |       ||     1
       Paralysed         |       |       |       |     3 |       ||     3
       Confused          |       |       |       |     1 |       ||     1
       Distracted        |       |       |       |     2 |     2 ||     4
       Held in net/web   |       |       |       |       |     2 ||     2
  Eat: Chunk             |     3 |    12 |    11 |    22 |    28 ||    76
       Ration            |       |       |       |     2 |       ||     2
Armor: Leather armour    |    30 |    16 |       |       |       ||    46
       Ring mail         |       |    42 |   172 |   235 |   294 ||   743
Dodge: Dodged            |    98 |   161 |   368 |   705 |   940 ||  2272

Table legend:
 A = Non-vault XP
 B = Vault XP
 C = Vault XP percentage of total XP
 D = Non-vault monster count
 E = Vault monster count
 F = Vault count percentage of total count
                 A         B        C        D         E       F
            +---------+---------+-------+---------+---------+-------
      Total |   48039 |   38187 |  44.3 |     417 |     166 |  28.5
            +---------+---------+-------+---------+---------+-------
        D:1 |      48 |       0 |   0.0 |      27 |       0 |   0.0
        D:2 |      87 |       0 |   0.0 |      29 |       0 |   0.0
        D:3 |     183 |       0 |   0.0 |      27 |       0 |   0.0
        D:4 |     160 |     468 |  74.5 |      11 |       2 |  15.4
        D:5 |    1031 |      59 |   5.4 |      26 |       3 |  10.3
        D:6 |     635 |     338 |  34.7 |      14 |       2 |  12.5
        D:7 |     821 |       0 |   0.0 |      19 |       0 |   0.0
        D:8 |     704 |     482 |  40.6 |      19 |       4 |  17.4
        D:9 |    1106 |    5588 |  83.5 |      38 |      28 |  42.4
       D:10 |    3261 |    3208 |  49.6 |      29 |       4 |  12.1
       D:11 |    2971 |       0 |   0.0 |      19 |       0 |   0.0
     Lair:1 |    1554 |    1693 |  52.1 |       6 |       1 |  14.3
     Lair:2 |    1583 |     487 |  23.5 |       8 |       8 |  50.0
     Lair:3 |    2109 |    4239 |  66.8 |      10 |      46 |  82.1
     Lair:4 |    6223 |    2816 |  31.2 |      29 |       6 |  17.1
     Lair:5 |    5095 |    1350 |  20.9 |      20 |       6 |  23.1
     Lair:6 |   13969 |    3952 |  22.1 |      43 |      20 |  31.7
      Orc:1 |    4304 |    1615 |  27.3 |      29 |       2 |   6.5
      Orc:2 |    2195 |   11892 |  84.4 |      14 |      34 |  70.8
            +---------+---------+-------+---------+---------+-------
